 Dungeon Crawl Stone Soup version 0.25-a0-502-g6516661 (webtiles) character file.

Game seed: 12441055524700390281, levelgen mode: deterministic

30121 Crocosaw the Cleaver (level 13, -2/122 HPs)
             Began as a Purple Draconian Berserker on Feb 13, 2020.
             Was an Elder of Trog.
             Slain by a vault guard
             ... wielding a +2 bardiche
              (10 damage)
             ... on level 13 of the Dungeon.
             The game lasted 00:52:27 (13270 turns).

Crocosaw the Cleaver (Purple Draconian Berserker)  Turns: 13270, Time: 00:52:29

Health: -2/122     AC: 13    Str: 25    XL:     13   Next: 18%
Magic:  13/13      EV: 22    Int:  7    God:    Trog [****..]
Gold:   838        SH:  0    Dex: 11    Spells: 12/12 levels left

rFire    . . .     SeeInvis .   P - +7 battleaxe (flame)
rCold    . . .     Gourm    .   (shield currently unavailable)
rNeg     . . .     Faith    .   (armour unavailable)
rPois    .         Spirit   .   O - +2 hat
rElec    .         Reflect  .   u - +0 cloak
rCorr    .         Harm     .   D - +0 pair of gloves
MR       +++..                  h - +0 pair of boots
Stlth    +++.......             I - amulet of magic regeneration
HPRegen  1.30/turn              o - +3 ring of slaying
MPRegen  0.38/turn              k - +6 ring of evasion

@: berserk cooldown, regenerating, slowed, very slow
A: breathe power, unfitting armour, cold-blooded, AC +8
a: Breathe Dispelling Energy, Berserk, Trog's Hand, Brothers in Arms, Renounce
Religion


You were on level 13 of the Dungeon.
You worshipped Trog.
Trog was greatly pleased with you.
You were very hungry.

You visited 1 branch of the dungeon, and saw 13 of its levels.

You collected 838 gold pieces.

Inventory:

Hand Weapons
 a - a +3 vorpal hand axe
 N - a +1 hand axe of flaming
 P - a +7 battleaxe of flaming (weapon)
 R - a +2 hand axe of freezing
Missiles
 e - 4 curare-tipped darts
 i - 8 throwing nets
 w - 95 sling bullets
 C - 54 poisoned darts (quivered)
 G - 5 silver boomerangs
Armour
 h - a +0 pair of boots (worn)
 u - a +0 cloak (worn)
 D - a +0 pair of gloves (worn)
 M - a +0 tower shield
 O - a +2 hat (worn)
Jewellery
 d - an uncursed ring of ice
 k - a +6 ring of evasion (right hand)
 l - an uncursed ring of stealth
 o - a +3 ring of slaying (left hand)
 y - a +3 ring of dexterity
 I - an amulet of magic regeneration (around neck)
 T - an uncursed ring of ice
Wands
 t - a wand of random effects (12)
 A - a wand of acid (10)
 E - a wand of paralysis (11)
 K - a wand of disintegration (11)
 V - a wand of clouds (8)
Scrolls
 f - 8 scrolls of remove curse
 j - 3 scrolls of blinking
 p - 4 scrolls of fog
 r - 2 scrolls of fear
 v - 6 scrolls of identify
 z - 2 scrolls of teleportation
Potions
 c - 6 potions of curing
 g - 3 potions of haste {unknown}
 m - 2 potions of heal wounds
 n - 2 potions of magic {unknown}
 q - 2 potions of might {unknown}
 s - 2 potions of brilliance {unknown}
 x - a potion of invisibility {unknown}
 B - 3 potions of degeneration {unknown}
 F - 2 potions of berserk rage {unknown}
 H - a potion of mutation {unknown}
 L - 2 potions of lignification {unknown}
 Q - a potion of resistance {unknown}
 S - 2 potions of flight {unknown}
Miscellaneous
 J - a fan of gales
Comestibles
 b - 30 rations
 U - 6 chunks of flesh


   Skills:
 * Level 13.1 Fighting
 + Level 13.9 Axes
 + Level 2.6 Throwing
 + Level 9.1 Dodging
 + Level 4.9 Stealth
 - Level 7.4 Shields


You had 12 spell levels left.
You didn't know any spells.
Your spell library was empty.

Dungeon Overview and Level Annotations

Branches:
Dungeon (13/15)            Temple (0/1) D:4            Lair (0/6) D:8
    Orc (0/2) D:9
 Vaults: D:13-14

Altars:
Dithmenos
Elyvilon
Fedhas
Gozag
Kikubaaqudgha
Makhleb
Nemelex Xobeh
Ru
Sif Muna
Xom
Yredelemnul

Shops:
D:7 *


Innate Abilities, Weirdness & Mutations

You can breathe bolts of dispelling energy.
Your rich purple scales are hard. (AC +8)
You cannot fit into any form of body armour.
You are cold-blooded and may be slowed by cold attacks.


Message History

You slash the vault guard! You burn the vault guard. You slash the wraith!
You burn the wraith.
You destroy the wraith!
Trog accepts your kill.
The vault guard hits you with a +0 long sword!!
* * * LOW HITPOINT WARNING * * *
The vault guard completely misses you.
The vault guard hits you with a +0 battleaxe!
* * * LOW HITPOINT WARNING * * *
The deep elf mage casts a spell at you. The bolt of magma misses you.
The vault guard hits you but does no damage.
The deep elf mage hits you but does no damage.
Your skin crawls.
You feel resistant to hostile enchantments.
You feel quite a bit more hungry.
The vault guard hits you with a +0 battleaxe!
* * * LOW HITPOINT WARNING * * *
The vault guard hits you from afar with a +2 bardiche!
You die...

.### ..# #.## ####..#
###...>.# ###### ###
#......<## #...<# #..
#........###.##.# #..
#..)).......##.# #..
#..p@†#..#####.####..
#.....)pe##...# #.......
##.^.p.....##..###..<#..
.........(.# #.# #.#.#..
......##..... ..##.#.#..
.....# ##...## ..#.#....
#...# ##... ...#..#.
##'# .... .>...#.
........


You could see 3 vault guards and a deep elf mage.

Vanquished Creatures
  Rupert (D:12)
  Gastronok (D:12)
  Nessos (D:12)
  A stone giant (D:11)
  Fannar (D:12)
  3 hydras
  A centaur warrior (D:13)
  4 two-headed ogres
  2 tengu warriors (D:13)
  A deep troll (D:11)
  Pikel (D:4)
  5 ugly things
  A manticore (D:11)
  A centaur zombie (D:11)
  Joseph (D:7)
  2 trolls (D:10)
  2 dream sheep (D:8)
  4 hippogriffs
  2 wraiths
  A shadow (D:12)
  A water elemental (D:12)
  A wyvern (D:13)
  A fire elemental (D:12)
  A hungry ghost (D:9)
  10 yaks
  4 vampire mosquitoes (D:12)
  Menkaure (D:4)
  4 wargs (D:9)
  An ice beast (D:8)
  4 slaves (D:4)
  A black bear (D:6)
  3 orc warriors
  2 phantoms
  4 sky beasts
  A necrophage (D:6)
  2 ogres
  A wolf (D:7)
  5 centaurs
  An eye of draining (D:10)
  2 crocodiles
  6 big kobolds
  12 bullfrogs
  6 scorpions
  21 killer bees
  10 wights
  4 howler monkeys
  2 electric eels (D:7)
  6 crimson imps
  3 bullfrog zombies
  A quasit (D:12)
  3 centaur skeletons
  9 hounds
  8 orc priests
  3 jellies
  2 gnoll shamans (D:7)
  A bullfrog skeleton (D:13)
  6 iguanas
  19 orc wizards
  A killer bee zombie (D:5)
  8 worker ants
  2 hound zombies
  A hound skeleton (D:4)
  21 gnolls
  2 howler monkey skeletons
  12 adders
  4 shadow imps
  An ooze (D:3)
  3 adder zombies
  2 adder skeletons
  3 worms
  9 dart slugs
  7 leopard geckos
  55 orcs
  2 ball pythons
  8 bats
  4 giant cockroaches
  7 goblins
  5 hobgoblins
  7 jackals (D:7)
  3 quokkas
  3 frilled lizards
  23 kobolds
  4 rats
  2 plants (D:8)
407 creatures vanquished.

Vanquished Creatures (collateral kills)
  An ugly thing (D:11)
  A manticore (D:11)
  An air elemental (D:12)
  5 yaks (D:7)
  A necrophage (D:9)
  An earth elemental (D:12)
  A gnoll sergeant (D:7)
  4 killer bees
  A crimson imp (D:8)
  A bullfrog skeleton (D:7)
  An orc priest (D:9)
  A shadow imp (D:8)
  An orc (D:9)
20 creatures vanquished.

Grand Total: 427 creatures vanquished

Notes
Turn   | Place    | Note
-------+----------+-------------------------------------------
     0 | D:1      | Crocosaw the Draconian Berserker began the quest for the
                  | Orb.
     0 | D:1      | Reached XP level 1. HP: 19/19 MP: 1/1
   170 | D:1      | Reached XP level 2. HP: 26/26 MP: 2/2
   892 | D:2      | Reached XP level 3. HP: 33/33 MP: 3/3
   911 | D:2      | Found a shadowy altar of Dithmenos.
  1125 | D:2      | Reached ** piety under Trog
  1885 | D:3      | Found a shimmering altar of Xom.
  1904 | D:3      | Reached XP level 4. HP: 41/41 MP: 4/4
  1907 | D:3      | Reached XP level 5. HP: 47/47 MP: 5/5
  2211 | D:4      | Found a staircase to the Ecumenical Temple.
  2242 | D:4      | Reached skill level 1 in Stealth
  2255 | D:4      | Reached *** piety under Trog
  2410 | D:4      | Reached skill level 5 in Axes
  2410 | D:4      | Reached XP level 6. HP: 55/55 MP: 6/6
  2415 | D:4      | Reached skill level 5 in Fighting
  2572 | D:4      | Noticed a sky beast
  2583 | D:4      | Killed a sky beast
  2820 | D:4      | Noticed a slave
  2829 | D:4      | Your scales start taking on a rich purple colour.
  2829 | D:4      | Reached XP level 7. HP: 51/61 MP: 7/7
  2835 | D:4      | Noticed Pikel
  2851 | D:4      | Killed Pikel
  2932 | D:4      | Reached XP level 8. HP: 70/70 MP: 8/8
  3038 | D:4      | Noticed Menkaure
  3043 | D:4      | Killed Menkaure
  3255 | D:5      | Entered Level 5 of the Dungeon
  3506 | D:5      | Reached skill level 5 in Dodging
  3781 | D:5      | Reached **** piety under Trog
  4401 | D:6      | Reached skill level 1 in Throwing
  4622 | D:6      | Reached XP level 9. HP: 81/81 MP: 9/9
  5440 | D:7      | Found Hujypner's Assorted Antiques.
  6305 | D:7      | Found a blossoming altar of Fedhas.
  6785 | D:7      | Noticed Joseph
  6797 | D:7      | Killed Joseph
  6797 | D:7      | Reached skill level 10 in Axes
  6797 | D:7      | Reached XP level 10. HP: 60/91 MP: 10/10
  7436 | D:8      | Reached ***** piety under Trog
  7436 | D:8      | Received a gift from Trog
  7436 | D:8      | Reached skill level 1 in Shields
  7482 | D:8      | Noticed a three-headed hydra
  7648 | D:8      | Killed a one-headed hydra
  7648 | D:8      | Reached skill level 10 in Fighting
  7990 | D:8      | Found a staircase to the Lair.
  8112 | D:8      | Found an ancient bone altar of Kikubaaqudgha.
  8112 | D:8      | Found a burning altar of Makhleb.
  8149 | D:8      | Found a sparkling altar of Nemelex Xobeh.
  8166 | D:8      | Found a shimmering blue altar of Sif Muna.
  8244 | D:8      | Found a white marble altar of Elyvilon.
  8552 | D:9      | Found a staircase to the Orcish Mines.
  8554 | D:9      | Noticed a two-headed ogre
  8555 | D:9      | Found a basalt altar of Yredelemnul.
  8568 | D:9      | Killed a two-headed ogre
  8568 | D:9      | Reached XP level 11. HP: 101/101 MP: 11/11
  9321 | D:10     | Entered Level 10 of the Dungeon
  9360 | D:10     | Found a sacrificial altar of Ru.
  9460 | D:10     | Reached skill level 5 in Shields
  9497 | D:10     | Noticed a two-headed ogre
  9498 | D:10     | Received a gift from Trog
  9507 | D:10     | Killed a two-headed ogre
 10651 | D:11     | Noticed a two-headed ogre
 10663 | D:11     | Killed a two-headed ogre
 10846 | D:11     | Noticed a seven-headed hydra
 10857 | D:11     | Killed a one-headed hydra
 11095 | D:11     | Noticed a stone giant
 11095 | D:11     | Noticed a deep troll
 11095 | D:11     | Noticed a green ugly thing
 11099 | D:11     | Killed a green ugly thing
 11122 | D:11     | Killed a deep troll
 11122 | D:11     | Reached XP level 12. HP: 65/110 MP: 12/12
 11132 | D:11     | Killed a stone giant
 11896 | D:12     | Noticed Gastronok
 11916 | D:12     | Killed Gastronok
 12131 | D:12     | Noticed Rupert
 12140 | D:12     | Killed Rupert
 12284 | D:12     | Found a large runed translucent door.
 12287 | D:12     | Found a large runed translucent door.
 12354 | D:12     | Noticed Nessos
 12369 | D:12     | Killed Nessos
 12961 | D:12     | Noticed Fannar
 12966 | D:12     | Killed Fannar
 13144 | D:13     | Found an opulent altar of Gozag.
 13234 | D:13     | Noticed a tengu warrior
 13235 | D:13     | Noticed a four-headed hydra
 13240 | D:13     | Noticed a centaur warrior
 13241 | D:13     | Noticed a two-headed ogre
 13243 | D:13     | Noticed a tengu warrior
 13245 | D:13     | Killed a tengu warrior
 13245 | D:13     | Reached XP level 13. HP: 119/119 MP: 13/13
 13256 | D:13     | Received a gift from Trog
 13270 | D:13     | Slain by a vault guard

Levels and vault maps discovered:
D:1:      eino_arrival_cavern_b, layout_basic, minmay_crystal_water
D:2:      layout_loops_cross, nicolae_dithmenos_through_a_glass_darkly
D:3:      layout_basic, xom_teletrap_fun
D:4:      layout_loops_corners, minmay_temple_entry_junction, uniq_pikel,
          uniq_menkaure
D:5:      layout_layer_cave, first_ration
D:6:      layout_cave_pools
D:7:      kennysheep_slugbush, layout_cave_pools, serial_gnoll_camp,
          gnoll_camp_mini_doghouse, gnoll_camp_mini_hut, gnoll_camp_medium_02,
          gnoll_camp_mini_doghouse, serial_shops, kennysheep_mini_moat,
          chequers_ossuary_entry_cave, minmay_ruined_shrine, uniq_joseph
D:8:      layout_gridville, lemuel_crystal_altar, elyvilon_altar_3,
          gammafunk_temple_overflow_wave, dpeg_oklobed_lair, hangedman_ranch
          [blue_anna_fruit_fields], nemelex_spade_bored_becter
D:9:      layout_long_grid, minmay_orc_entry_guard_dogs, basic_altar,
          st_stairs_14
D:10:     layout_loops_ring, basic_altar
D:11:     layout_loops_ring, minivault_25_ag
D:12:     layout_loops_ring, chequers_jeans, lightli_elemental_guards,
          uniq_nessos, uniq_gastronok, uniq_fannar, uniq_rupert
D:13:     layout_rooms, lightli_vaults_fourway_checkpoint, serial_curves,
          eino_curves_04, eino_curves_02, enter_bailey_7,
          gauntlet_entry_generic, grunt_gozag_statues

Skill      XL: |  1  2  3  4  5  6  7  8  9 10 11 12 13 |
---------------+----------------------------------------+-----
Dodging        | 3 4 5 6 7 8 9 |  9.1
Fighting       | 4 5 6 7 9 10 11 12 13 | 13.1
Axes           | 4 5 7 8 10 11 12 13 | 13.9
Stealth        | 1 2 3 4 |  4.9
Throwing       | 1 2 |  2.6
Shields        | 3 6 7 |  7.4

Action                   |  1- 3 |  4- 6 |  7- 9 | 10-12 | 13-15 || total
-------------------------+-------+-------+-------+-------+-------++-------
Melee: Hand axe          |   111 |    95 |   278 |   470 |       ||   954
       Tailslap          |     7 |    15 |    45 |    94 |     3 ||   164
       Battleaxe         |       |       |       |    75 |    21 ||    96
Throw: Dart              |     2 |       |    19 |     2 |       ||    23
Invok: Berserk           |     1 |       |     4 |    15 |       ||    20
       Brothers in Arms  |       |       |     2 |     5 |       ||     7
       Trog's Hand       |       |       |     2 |       |     2 ||     4
 Abil: Breathe Dispellin |       |       |     1 |       |       ||     1
  Use: Scroll            |     9 |       |    11 |     8 |       ||    28
       Potion            |       |       |       |       |     2 ||     2
 Stab: Sleeping          |     4 |     1 |     2 |     8 |       ||    15
  Eat: Chunk             |     3 |     4 |    16 |    35 |       ||    58
       Ration            |       |       |       |     1 |       ||     1
Armor: Skin              |    42 |    18 |    57 |    90 |    14 ||   221
Dodge: Dodged            |    99 |   101 |   295 |   301 |    60 ||   856
Block: Buckler           |       |       |     7 |     3 |       ||    10
       Tower shield      |       |       |       |   338 |       ||   338

Table legend:
 A = Non-vault XP
 B = Vault XP
 C = Vault XP percentage of total XP
 D = Non-vault monster count
 E = Vault monster count
 F = Vault count percentage of total count
                 A         B        C        D         E       F
            +---------+---------+-------+---------+---------+-------
      Total |   24542 |   18488 |  43.0 |     344 |      77 |  18.3
            +---------+---------+-------+---------+---------+-------
        D:1 |      38 |       0 |   0.0 |      23 |       0 |   0.0
        D:2 |      13 |       0 |   0.0 |       5 |       0 |   0.0
        D:3 |     242 |       0 |   0.0 |      31 |       0 |   0.0
        D:4 |     840 |     761 |  47.5 |      34 |       2 |   5.6
        D:5 |     374 |       0 |   0.0 |      15 |       0 |   0.0
        D:6 |     919 |       0 |   0.0 |      26 |       0 |   0.0
        D:7 |    1712 |    1348 |  44.1 |      27 |      44 |  62.0
        D:8 |    1395 |    2138 |  60.5 |      32 |       8 |  20.0
        D:9 |    3152 |     914 |  22.5 |      29 |       5 |  14.7
       D:10 |    2269 |       0 |   0.0 |      26 |       0 |   0.0
       D:11 |    5127 |    2782 |  35.2 |      38 |       4 |   9.5
       D:12 |    4830 |    7684 |  61.4 |      33 |       8 |  19.5
       D:13 |    3631 |    2861 |  44.1 |      25 |       6 |  19.4
            +---------+---------+-------+---------+---------+-------
